 Dungeon Crawl Stone Soup version 0.21-a0-28-g9a7844a (webtiles) character file.

482 Angani the Stinger (level 6, -3/48 HPs)
             Began as a Draconian Venom Mage on May 26, 2017.
             Was a Follower of Sif Muna.
             Slain by a mummy (14 damage)
             ... in an ossuary.
             The game lasted 00:13:34 (4847 turns).

Angani the Stinger (Draconian Venom Mage)           Turns: 4847, Time: 00:13:35

Health: -3/48      AC:  6    Str: 10    XL:     6   Next: 87%
Magic:  10/10      EV: 12    Int: 18    God:    Sif Muna [*.....]
Gold:   141        SH:  0    Dex: 11    Spells: 5/10 levels left

rFire    . . .     SeeInvis .   j - +1 whip
rCold    . . .     Gourm    .   (no shield)
rNeg     . . .     Faith    .   (armour unavailable)
rPois    .         Spirit   .   (helmet restricted)
rElec    .         Reflect  .   (no cloak)
rCorr    +         Harm     .   (no gloves)
MR       .....                  (no boots)
Stlth    ++........             f - amulet of regeneration
Regen    0.6/turn               o - ring of resist corrosion
MPRegen  0.2/turn               (no ring)

@: no status effects
A: unfitting armour, cold-blooded, AC +6
a: Divine Energy, Renounce Religion


You were in an ossuary.
You worshipped Sif Muna.
Sif Muna was aware of your devotion.
You were not hungry.

You visited 1 branch of the dungeon, and saw 4 of its levels.
You also visited: Sewer and Ossuary.

You collected 141 gold pieces.

Inventory:

Hand Weapons
 j - a +1 whip (weapon)
Jewellery
 f - an amulet of regeneration (around neck)
 o - a ring of resist corrosion (left hand)
Wands
 k - a wand of iceblast (4/15)
Scrolls
 c - a scroll of remove curse
 n - a scroll of brand weapon {unknown}
Potions
 d - a potion of brilliance {unknown}
 e - a potion of berserk rage {unknown}
 h - 3 potions of curing {unknown}
 i - a potion of mutation {unknown}
 l - a potion of cancellation {unknown}
 m - a potion of degeneration {unknown}
 p - a potion of flight {unknown}
Books
 a - a Young Poisoner's Handbook

   Spells                             Type                      Level
   a - Sting                          Conjuration/Poison           1
   b - Poisonous Vapours              Poison/Air                   2
   c - Mephitic Cloud                 Conjuration/Poison/Air       3
   d - Olgreb's Toxic Radiance        Poison                       4
   e - Venom Bolt                     Conjuration/Poison           5
Comestibles
 b - 2 bread rations
 g - a meat ration


   Skills:
 - Level 2.1 Fighting
 - Level 2.4 Dodging
 - Level 1.7 Stealth
 - Level 2.9 Spellcasting
 - Level 1.0 Conjurations
 * Level 6.8 Poison Magic


You had 5 spell levels left.
You knew the following spells:

 Your Spells              Type           Power        Failure   Level  Hunger
a - Sting                 Conj/Pois      ###.         3%          1    None
b - Olgreb's Toxic Radia  Pois           ####....     10%         4    ####...


Dungeon Overview and Level Annotations

Branches:
Dungeon (4/15)
 Temple: D:4-7

Altars:
Sif Muna
The Shining One


Innate Abilities, Weirdness & Mutations

Your plain brown scales are hard. (AC +6)
You cannot fit into any form of body armour.
You are cold-blooded and may be slowed by cold attacks.


Message History

The mummy is heavily damaged.
The mummy hits you but does no damage.
You hit the mummy but do no damage.
The mummy is heavily damaged.
You closely miss the mummy.
The mummy is heavily damaged.
The mummy closely misses you.
You hit the mummy.
The mummy is severely damaged.
The mummy barely misses you.
You hit the mummy.
The mummy is severely damaged.
You hit the mummy but do no damage.
The mummy is severely damaged.
The mummy hits you!
* * * LOW HITPOINT WARNING * * *
You hit the mummy.
The mummy is almost destroyed.
The mummy hits you!
You die...

......'..#.'.^.# ...8...+ #^..'.
..∩...'..####..####.....####..###
.....##..........................
#...###.............#.#..........
##.## #..####.......#+#^......###
### #..#.+^...8..^# #...8....'.
#W# #..####.......###.......###
## #^.....^........^.......^..
#........#@#..#.#..#.#.....
#..####..#M#..#'#..#'#..###
#..#.'...#?#..#.#..#.#...'.
#..####..###..###..###..###
#........................
#.........................
###########################


You could see a mummy.

Vanquished Creatures
  A centaur (D:4)
  An elf zombie (Ossuary)
  An orc priest (D:3)
  4 orc wizards
  2 mummies (Ossuary)
  3 adders (D:3)
  3 river rats
  3 worms
  2 dart slugs
  6 leopard geckos (D:3)
  11 orcs
  7 giant cockroaches
  6 goblins
  9 hobgoblins
  7 jackals
  2 quokkas (D:2)
  8 bats
  A frilled lizard (D:4)
  2 goblin zombies (Ossuary)
  3 hobgoblin zombies (Ossuary)
  6 kobolds
  4 kobold zombies (Ossuary)
  7 rats
99 creatures vanquished.

Notes
Turn   | Place    | Note
-------+----------+-------------------------------------------
     0 | D:1      | Angani the Draconian Venom Mage began the quest for the Orb.
     0 | D:1      | Reached XP level 1. HP: 14/14 MP: 3/3
   305 | D:1      | Reached skill level 1 in Fighting
   449 | D:1      | Reached XP level 2. HP: 23/23 MP: 3/5
  1432 | D:2      | Reached XP level 3. HP: 29/29 MP: 4/6
  2165 | D:3      | Reached XP level 4. HP: 34/36 MP: 0/7
  2256 | D:3      | Reached skill level 4 in Poison Magic
  2268 | D:3      | Reached XP level 5. HP: 20/41 MP: 0/9
  2389 | D:3      | Found a glowing drain.
  2405 | Sewer    | Entered a sewer
  2731 | D:3      | Learned a level 4 spell: Olgreb's Toxic Radiance
  2749 | D:3      | Found a glowing golden altar of the Shining One.
  2757 | D:3      | Found a deep blue altar of Sif Muna.
  2844 | D:3      | Reached skill level 5 in Poison Magic
  2855 | D:3      | Became a worshipper of Sif Muna the Loreminder
  3285 | D:3      | Reached XP level 6. HP: 48/48 MP: 8/10
  3868 | D:4      | HP: 2/48 [centaur (5)]
  3870 | D:4      | Reached skill level 6 in Poison Magic
  4222 | D:4      | Found a sand-covered staircase.
  4231 | Ossuary  | Entered an ossuary
  4231 | Ossuary  | Noticed a wraith
  4231 | Ossuary  | Noticed a wraith
  4231 | Ossuary  | Noticed a wraith
  4524 | Ossuary  | HP: 2/48 [mummy (11)]
  4653 | Ossuary  | Reached * piety under Sif Muna
  4847 | Ossuary  | Slain by a mummy

Vault maps used:
D:1:      dpeg_arrival_windows_large_door
D:3:      led_sif_pool, portal_sewer_entry_f, tso_metal_star
D:4:      temple_green, lightli_ossuary_entry_decrepit_ruins
Sewer:    sewer_kobolds
Ossuary:  ossuary_kennysheep_city_of_the_dead

Skill      XL: |  1  2  3  4  5  6 |
---------------+-------------------+-----
Fighting       | 1 2 |  2.1
Dodging        | 2 |  2.4
Poison Magic   | 4 5 6 |  6.8
Stealth        | |  1.7
Spellcasting   | |  2.9
Conjurations   | |  1.0

Action                   |  1- 3 |  4- 6 || total
-------------------------+-------+-------++-------
Melee: Unarmed           |     5 |       ||     5
       Tailslap          |    10 |    21 ||    31
       Whip              |    50 |   254 ||   304
 Cast: Sting             |    91 |    93 ||   184
       Olgreb's Toxic Ra |       |     3 ||     3
  Use: Scroll            |     5 |     4 ||     9
       Potion            |       |     1 ||     1
  Eat: Chunk             |     6 |     7 ||    13
       Royal jelly       |       |     1 ||     1
Armor: Skin              |    37 |    66 ||   103
Dodge: Dodged            |    68 |   125 ||   193
